 Dungeon Crawl Stone Soup version 0.26-a0-662-g8b9c6dab81 (webtiles) character file.

Game seed: 12940601730573981856

128 mobtown the Grave Robber (level 4, 0/24 HPs)
             Began as a Deep Elf Necromancer on Oct 9, 2020.
             Slain by a phantom (10 damage)
             ... on level 3 of the Dungeon.
             The game lasted 00:08:44 (2790 turns).

mobtown the Grave Robber (Deep Elf Necromancer)     Turns: 2790, Time: 00:08:45

Health: 0/24       AC:  7    Str:  5    XL:     4   Next: 86%
Magic:  4/12       EV: 13    Int: 27    God:
Gold:   135        SH:  0    Dex: 15    Spells: 7/12 levels left

rFire    . . .     SeeInvis .   c - +1 short sword (holy)
rCold    . . .     Faith    .   (no shield)
rNeg     . . .     Spirit   .   a - +0 robe
rPois    .         Reflect  .   k - +0 helmet
rElec    .         Harm     .   (no cloak)
rCorr    .         Rampage  .   (no gloves)
MR       .....                  (no boots)
Stlth    ++........             (no amulet)
HPRegen  0.08/turn              i - +4 ring of protection
MPRegen  0.13/turn              p - +6 ring of intelligence

@: no status effects
A: no striking features
a: no special abilities


You were on level 3 of the Dungeon.
You visited 1 branch of the dungeon, and saw 3 of its levels.

You collected 135 gold pieces.

Inventory:

Hand Weapons
 c - a +1 short sword of holy wrath (weapon)
 s - a +2 morningstar of holy wrath
Missiles
 d - 35 stones (quivered)
Armour
 a - a +0 robe (worn)
 k - a +0 helmet (worn)
Jewellery
 i - a +4 ring of protection (left hand)
 o - an uncursed ring of resist corrosion
 p - a +6 ring of intelligence (right hand)
Scrolls
 f - a scroll of remove curse
 g - a scroll of identify {unknown}
 l - a scroll of immolation {unknown}
 m - 2 scrolls of amnesia {unknown}
 r - a scroll of noise {unknown}
Potions
 b - a potion of lignification {unknown}
 e - a potion of mutation {unknown}
 h - 3 potions of curing {unknown}
 j - 2 potions of heal wounds {unknown}
 n - a potion of ambrosia {unknown}
 q - a potion of flight {unknown}
 t - a potion of degeneration {unknown}


   Skills:
 + Level 0.3 Short Blades
 + Level 2.5 Dodging
 + Level 2.9 Stealth
 + Level 4.6 Spellcasting
 * Level 6.4 Necromancy


You had 7 spell levels left.
You knew the following spells:

 Your Spells              Type           Power        Failure   Level
a - Pain                  Necr           ####         1%          1
b - Vampiric Draining     Necr           #####.....   1%          3
c - Animate Skeleton      Necr           #####.       1%          1

Your spell library contained the following spells:

 Spells                   Type           Power        Failure   Level
 Animate Dead             Necr           #####.....   5%          4
 Agony                    Necr           #####...     14%         5


Dungeon Overview and Level Annotations

Branches:
Dungeon (3/15)

Altars:


Message History

Aim: an orc, wielding a +0 quarterstaff You kill the orc!
You feel life coursing into your body. The phantom hits you.
You closely miss the phantom.
The phantom is severely damaged.
The phantom misses you.
You hit the phantom but do no damage.
The phantom is severely damaged.
The phantom blinks!
Found a hand axe.
Items here: ! ) [ †.
s - a +2 morningstar of holy wrath;
t - a sapphire potion The phantom blinks!
You hit the phantom.
The phantom convulses.
The phantom is almost destroyed.
The phantom hits you but does no damage.
You hit the phantom.
The phantom convulses.
The phantom is almost destroyed.
The phantom hits you!
You die...

#####.##..).......
#...###.######
####.....#
#.....####
#####.###.######
......##.........
......>........##
...$.......?....#
......)@.$......#
........W$......#
......)>........#
.................
......#...?.....
...............
######$........
.).......


You could see a phantom.

Vanquished Creatures
  Terence (D:3)
  5 adders
  A worm (D:2)
  4 leopard geckos
  2 orcs (D:3)
  2 giant cockroaches (D:2)
  6 goblins
  6 hobgoblins
  6 kobolds
  7 bats
  3 frilled lizards (D:2)
  5 rats
48 creatures vanquished.

Notes
Turn   | Place    | Note
-------+----------+-------------------------------------------
     0 | D:1      | mobtown the Deep Elf Necromancer began the quest for the
                  | Orb.
     0 | D:1      | Reached XP level 1. HP: 10/10 MP: 6/6
    41 | D:1      | Reached skill level 5 in Necromancy
   652 | D:1      | Reached XP level 2. HP: 14/15 MP: 6/8
  1355 | D:2      | Reached XP level 3. HP: 17/19 MP: 5/10
  1360 | D:2      | Learned a level 3 spell: Vampiric Draining
  1362 | D:2      | Learned a level 1 spell: Animate Skeleton
  1958 | D:2      | Reached XP level 4. HP: 23/24 MP: 9/12
  2156 | D:2      | Reached skill level 6 in Necromancy
  2710 | D:3      | Noticed a phantom
  2771 | D:3      | Noticed Terence
  2779 | D:3      | Killed Terence
  2790 | D:3      | Slain by a phantom

Illustrated notes

Levels and vault maps discovered:
D:1:      grunt_arrival_lava_bath, layout_basic, minmay_heptomino_o4
D:2:      layout_rooms
D:3:      minmay_angry_zag, layout_rooms, marbit_many_paths, uniq_terence

Skill      XL: |  1  2  3  4 |
---------------+-------------+-----
Necromancy     | 5 6 |  6.4
Spellcasting   | 4 |  4.6
Short Blades   | |  0.3
Dodging        | |  2.5
Stealth        | |  2.9

Action                   |  1- 3 |  4- 6 || total
-------------------------+-------+-------++-------
Melee: Short sword       |     9 |    31 ||    40
 Cast: Pain              |    49 |    31 ||    80
       Vampiric Draining |       |     2 ||     2
  Use: Scroll            |       |     1 ||     1
 Stab: Sleeping          |     3 |     3 ||     6
Armor: Robe              |     8 |    15 ||    23
Dodge: Dodged            |    11 |    19 ||    30

Table legend: (Time is in decaauts)
 A = Elapsed time spent in this place.
 B = Non-inter-level travel time spent in this place.
 C = Inter-level travel time spent in this place.
 D = Time resting spent in this place.
 E = Time spent auto-exploring this place.
 F = Levels seen in this place.
 G = Mean time per level.
                   A        B        C        D        E       F      G
               +--------+--------+--------+--------+--------+-----+--------+
         Total |   2788 |   2753 |     35 |    368 |   2027 |   3 |  929.3 |
       Dungeon |   2788 |   2753 |     35 |    368 |   2027 |   3 |  929.3 |
               +--------+--------+--------+--------+--------+-----+--------+

Top non-repeatable levels by time:
     D:1: 1215 daAuts
     D:2: 1171 daAuts
     D:3: 402 daAuts
